Map: New Repugnancy LE

Players

IIIIIIlIIIIl - Winner!

  • Race: Zerg Zerg
  • League: Master
  • Spawn Location: 1:00

ZertoN

  • Race: Terran Terran
  • League: Master
  • Spawn Location: 7:00

VOD

Have the link to the VOD?

Description

Time

  • Played on: July 23, 2019, 9:56 a.m.
  • Length: 7:54
Show
View Real Time Build Order
Export as new Build Order

IIIIIIlIIIIl Zerg - Winner!

Build Orders: Hatch First 

Get SALT Encoding   

  12  0:00  Drone  
  13  0:12  Overlord  
  13  0:17  Drone  
  14  0:30  Drone x2  
  16  0:36  Drone  
  17  0:51  Hatchery  
  17  0:55  Drone  
  17  0:58  Drone  
  18  1:09  Extractor  
  17  1:12  Spawning Pool  
  17  1:15  Drone  
  18  1:18  Drone  
  18  1:27  Drone  
  19  1:38  Drone  
  20  1:49  Drone  
  21  2:02  Queen x2  
  21  2:03  Zergling x2  
  21  2:04  Zergling x2  
  27  2:13  Hatchery  
  26  2:18  Drone  
  26  2:22  Overlord  
  27  2:25  Drone  
  28  2:30  Metabolic Boost  
  28  2:41  Drone x2  
  30  2:44  Drone x2  
  30  2:48  Drone  
  33  2:52  Queen  
  33  2:57  Drone  
  36  2:59  Overlord  
  36  3:17  Overlord  
  36  3:18  Drone x2  
  36  3:19  Drone x5  
  43  3:25  Drone  
  44  3:27  Queen  
  44  3:29  Drone  
  44  3:30  Drone  
  48  3:35  Drone, Extractor  
  48  3:39  Drone x2  
  50  3:47  Drone  
  50  3:48  Drone x2  
  53  3:49  Queen  
  53  3:52  Queen  
  57  3:58  Zergling x2  
  57  3:59  Overlord  
  57  4:02  Spore Crawler  
  57  4:04  Spore Crawler  
  57  4:05  Spore Crawler  
  57  4:07  Drone x2  
  57  4:09  Overlord  
  57  4:16  Overlord  
  57  4:18  Drone  
  57  4:19  Drone x3  
  57  4:21  Drone x2  
  57  4:23  Drone  
  64  4:25  Drone  
  64  4:29  Drone  
  66  4:36  Lair  
  65  4:39  Drone x4  
  65  4:44  Drone x2  
  71  4:47  Evolution Chamber, Drone x2, Roach Warren  
  71  4:49  Drone  
  71  4:51  Extractor x2, Zergling x2  
  71  4:53  Drone  
  71  4:57  Overlord, Drone  
  73  5:05  Zergling x2  
  73  5:06  Zergling x8  
  69  5:17  Drone x7  
  69  5:19  Drone  
  74  5:26  Drone  
  70  5:29  Drone  
  70  5:30  Zerg Ground Armor Level 1  
  70  5:33  Drone x2  
  70  5:35  Glial Reconstitution  
  72  5:40  Roach  
  74  5:43  Roach  
  74  5:45  Overlord  
  74  5:49  Extractor x2  
  74  5:51  Roach  
  74  5:53  Roach  
  74  5:55  Roach  
  80  5:59  Overlord  
  82  6:04  Roach  
  82  6:06  Roach  
  82  6:07  Ravager  
  82  6:08  Overlord  
  82  6:09  Roach x2  
  91  6:11  Roach  
  91  6:13  Queen x2  
  91  6:16  Roach  
  99  6:18  Roach  
  99  6:20  Roach  
  99  6:23  Roach  
  103  6:27  Roach x2  
  103  6:28  Zergling x2  
  103  6:29  Ravager  
  103  6:30  Overlord  
  109  6:34  Roach  
  109  6:35  Overlord  
  111  6:40  Overlord  
  111  6:41  Overlord  
  111  6:42  Ravager  
  111  6:43  Ravager  
  113  6:50  Ravager x3, Zergling x2  
  113  6:51  Roach x2  
  120  6:55  Zergling x2  
  120  6:57  Roach x2  
  120  6:58  Zergling x4  
  120  7:00  Zergling x2  
  128  7:01  Zergling x2  
  128  7:02  Ravager  
  128  7:03  Zergling x2  
  128  7:05  Zergling x2  
  128  7:06  Ravager  
  128  7:07  Ravager  
  128  7:08  Zergling x4  
  136  7:13  Zergling x8  
  138  7:18  Roach x2  
  138  7:22  Ravager  
  139  7:28  Roach x2  
  138  7:34  Roach x4  
  139  7:50  Ravager  
Show
View Real Time Build Order
Export as new Build Order

ZertoN Terran 

Build Orders: Liberator Opening, Reaper Expand 

Get SALT Encoding   

  12  0:01  SCV  
  13  0:13  SCV  
  14  0:18  Supply Depot  
  14  0:25  SCV  
  15  0:40  SCV  
  15  0:41  Barracks  
  16  0:46  Refinery  
  16  0:52  SCV  
  17  1:04  SCV  
  18  1:16  SCV  
  19  1:29  Orbital Command, Reaper  
  20  1:41  Command Center  
  20  1:51  Supply Depot  
  20  1:54  SCV  
  20  2:00  Marine  
  22  2:06  SCV  
  23  2:09  Factory  
  23  2:14  Refinery  
  23  2:18  SCV  
  25  2:23  Barracks Reactor  
  24  2:32  SCV  
  25  2:44  SCV  
  26  2:53  Orbital Command  
  26  2:56  SCV  
  26  2:57  Starport  
  27  3:03  Hellion x2  
  31  3:08  SCV  
  31  3:10  Barracks Tech Lab  
  32  3:14  Supply Depot  
  32  3:17  Liberator  
  32  3:19  SCV  
  33  3:20  SCV  
  33  3:24  Hellion  
  33  3:25  Hellion  
  38  3:32  SCV x2  
  43  3:41  Stimpack  
  43  3:47  SCV  
  43  3:48  Supply Depot, SCV  
  45  3:51  Hellion  
  45  3:52  Hellion  
  49  4:00  SCV x2  
  51  4:10  Command Center  
  51  4:12  SCV  
  51  4:13  SCV  
  51  4:15  Marine  
  54  4:19  Starport Reactor  
  54  4:20  Factory Tech Lab  
  54  4:26  Barracks, SCV x2  
  54  4:30  Barracks  
  56  4:33  Marine  
  56  4:38  SCV x2  
  59  4:39  Supply Depot  
  59  4:43  Siege Tank  
  62  5:01  Engineering Bay, Marine, SCV x2, Supply Depot  
  62  5:02  Engineering Bay  
  65  5:08  Starport Reactor  
  65  5:13  SCV x2  
  65  5:14  Marine  
  65  5:15  Supply Depot  
  65  5:20  Refinery x2  
  61  5:25  SCV  
  61  5:28  Marine  
  61  5:32  Terran Infantry Weapons Level 1, Terran Infantry Armor Level 1  
  61  5:33  SCV  
  61  5:34  Orbital Command  
  55  5:39  SCV  
  55  5:41  Marine x4  
  60  5:44  Medivac  
  60  5:45  Medivac, SCV  
  60  5:46  Marine  
  66  5:52  Combat Shield  
  66  5:58  Orbital Command, Barracks, SCV  
  66  5:59  SCV  
  66  6:00  Barracks  
  68  6:06  Marine x3  
  68  6:07  Marine, Supply Depot  
  72  6:11  Siege Tank  
  75  6:19  Supply Depot  
  75  6:23  SCV  
  75  6:24  SCV  
  75  6:25  SCV  
  78  6:27  Marine x2  
  78  6:30  Supply Depot  
  80  6:36  Armory, Marine x3, SCV x2  
  80  6:37  SCV  
  86  6:42  Supply Depot  
  86  6:45  Marine x2  
  88  6:48  SCV x2  
  88  6:49  SCV, Siege Tank  
  88  6:53  Factory  
  88  6:54  Marine, Barracks Tech Lab  
  94  6:55  Barracks Tech Lab  
  94  7:00  SCV x2  
  94  7:01  SCV  
  98  7:10  Refinery x2  
  98  7:11  Concussive Shells  
  98  7:12  SCV x2  
  98  7:13  SCV  
  98  7:14  Marauder x2  
  105  7:17  Marauder  
  105  7:22  Missile Turret, Marine x2  
  109  7:24  SCV x2  
Tags
 
Add a new tag
Caveats
  • Supply blocks, unpowered buildings, or Contaminate may cause inaccurate times.
  • Supply counts are checked every 10 seconds.